TOP OF THE 1ST |
Las Vegas Stars batting - Pitching for Houston Hammertime : LHP Dan Snyder
|
Pitching: LHP Dan Snyder
|
|
Batting: LHB Parker Marshall
|
0-0: Swinging Strike 0-1: Ball 1-1: SINGLE (Groundball, 4MD)
|
Batting: RHB Xin Zhang
|
0-0: Ball 1-0: Swinging Strike 1-1: Swinging Strike 1-2: Foul Ball, location: 2F 1-2: Ball 2-2: Ball 3-2: SINGLE (Flyball, 4MD) Parker Marshall to second
|
Batting: LHB Fernando De La Cruz
|
0-0: Ball 1-0: Fly out, F9 (Line Drive, 9D) Runner from 2nd tags up, SAFE at 3rd, no throw
|
Batting: RHB Ryan Campbell
|
0-0: Foul Ball, location: 2F 0-1: Swinging Strike 0-2: Ball 1-2: Ball 2-2: Strikes out looking
|
Batting: LHB Evan Slootweg
|
0-0: Ball 1-0: Fly out, F6 (Popup, 4M)
|
Top of the 1st over - 0 run(s), 2 hit(s), 0 error(s), 2 left on base; Las Vegas 0 - Houston 0 |
BOTTOM OF THE 1ST |
Houston Hammertime batting - Pitching for Las Vegas Stars : LHP Ze-min Tong
|
Pitching: LHP Ze-min Tong
|
|
Batting: RHB Aaron Wilson
|
0-0: Foul Ball, location: 2F 0-1: Foul Ball, location: 2F 0-2: Strikes out swinging
|
Batting: RHB Santo Cruz
|
0-0: Fly out, F6 (Line Drive, 6D)
|
Batting: SHB Cristo Ontiveros
|
0-0: Called Strike 0-1: SOLO HOME RUN (Line Drive, 8RD), Distance : 420 ft
|
Batting: RHB Earl Wiggins
|
0-0: SINGLE (Groundball, 4MD)
|
Batting: LHB Pat Jones
|
0-0: Ball 1-0: Fielders Choice at 2nd, U4 (Groundball, 4M)
|
Bottom of the 1st over - 1 run(s), 2 hit(s), 0 error(s), 1 left on base; Las Vegas 0 - Houston 1 |
TOP OF THE 2ND |
Las Vegas Stars batting - Pitching for Houston Hammertime : LHP Dan Snyder
|
Batting: RHB Matthieu Vancini
|
0-0: Ball 1-0: Swinging Strike 1-1: Reached on error, E5 (Groundball, 5L)
|
Batting: LHB Eliot Helen
|
0-0: Ball 1-0: Ball 2-0: Called Strike 2-1: Swinging Strike 2-2: Fly out, F8 (Flyball, 8RXD) Runner from 2nd tags up, SAFE at 3rd, no throw
|
Batting: RHB Joe Scott
|
0-0: Ball 1-0: Ground out 5-3 (Groundball, 5)
|
Batting: LHB Mike Mitchell
|
0-0: Called Strike 0-1: Ball 1-1: Ball 2-1: Swinging Strike 2-2: Strikes out looking
|
Top of the 2nd over - 0 run(s), 0 hit(s), 1 error(s), 1 left on base; Las Vegas 0 - Houston 1 |
BOTTOM OF THE 2ND |
Houston Hammertime batting - Pitching for Las Vegas Stars : LHP Ze-min Tong
|
Batting: RHB Mario Beltrán
|
0-0: Ball 1-0: Ball 2-0: Called Strike 2-1: Swinging Strike 2-2: Strikes out swinging
|
Batting: LHB Bryce Hopkins
|
0-0: Called Strike 0-1: Called Strike 0-2: Foul Ball, location: 2F 0-2: Ball 1-2: Ground out 5-3 (Groundball, 56S)
|
Batting: RHB Moo-hyun Pak
|
0-0: Called Strike 0-1: Ground out 4-3 (Groundball, 4M)
|
Bottom of the 2nd over - 0 run(s), 0 hit(s), 0 error(s), 0 left on base; Las Vegas 0 - Houston 1 |
TOP OF THE 3RD |
Las Vegas Stars batting - Pitching for Houston Hammertime : LHP Dan Snyder
|
Batting: LHB Parker Marshall
|
0-0: Foul Ball, location: 2F 0-1: Foul Ball, location: 2F 0-2: SINGLE (Line Drive, 3L)
|
Batting: RHB Xin Zhang
|
0-0: Ball 1-0: Called Strike 1-1: Ball 2-1: Fly out, F6 (Line Drive, 6)
|
Batting: LHB Fernando De La Cruz
|
0-0: Called Strike 0-1: Foul Ball, location: 2F 0-2: Foul Ball, location: 2F 0-2: Foul Ball, location: 2F 0-2: Foul Ball, location: 2F 0-2: Ball 1-2: Foul Ball, location: 2F 1-2: Strikes out swinging
|
Batting: RHB Ryan Campbell
|
0-0: Foul Ball, location: 2F 0-1: Ball 1-1: SINGLE (Groundball, 6M) Parker Marshall to second
|
Batting: LHB Evan Slootweg
|
0-0: Ball 1-0: DOUBLE (Line Drive, 9LD) Parker Marshall scores Ryan Campbell to third Runner from 3rd tries for Home, SAFE, no throw or cutoff
|
Batting: RHB Matthieu Vancini
|
0-0: Ball 1-0: Ground out 6-3 (Groundball, 6)
|
Top of the 3rd over - 2 run(s), 3 hit(s), 0 error(s), 1 left on base; Las Vegas 2 - Houston 1 |
BOTTOM OF THE 3RD |
Houston Hammertime batting - Pitching for Las Vegas Stars : LHP Ze-min Tong
|
Batting: LHB Fernando Camacho
|
0-0: Ball 1-0: Ball 2-0: Ball 3-0: Called Strike 3-1: Base on Balls
|
Batting: RHB Aaron Wilson
|
0-0: Ball 1-0: Ball 2-0: Swinging Strike 2-1: Foul Ball, location: 2F 2-2: Ball 3-2: Strikes out swinging
|
Batting: RHB Santo Cruz
|
0-0: Ball 1-0: Ball 2-0: Called Strike 2-1: Ball 3-1: Foul Ball, location: 2F 3-2: Base on Balls Fernando Camacho to second
|
Batting: SHB Cristo Ontiveros
|
0-0: Ball 1-0: Called Strike 1-1: Ball 2-1: DOUBLE (Line Drive, 78M) Fernando Camacho scores Santo Cruz to third
|
Batting: RHB Earl Wiggins
|
0-0: Ball 1-0: TRIPLE (Line Drive, 9D) Santo Cruz scores Cristo Ontiveros scores
|
Batting: LHB Pat Jones
|
0-0: Called Strike 0-1: Called Strike 0-2: Ground out 4-3 (Groundball, 4) Earl Wiggins scores
|
Batting: RHB Mario Beltrán
|
0-0: SOLO HOME RUN (Flyball, 7D), Distance : 366 ft
|
Batting: LHB Bryce Hopkins
|
0-0: Called Strike 0-1: Ground out 1-3 (Groundball, 15)
|
Bottom of the 3rd over - 5 run(s), 3 hit(s), 0 error(s), 0 left on base; Las Vegas 2 - Houston 6 |
TOP OF THE 4TH |
Las Vegas Stars batting - Pitching for Houston Hammertime : LHP Dan Snyder
|
Batting: LHB Eliot Helen
|
0-0: Ball 1-0: Swinging Strike 1-1: Ball 2-1: Ground out 4-3 (Groundball, 4M)
|
Batting: RHB Joe Scott
|
0-0: Ball 1-0: Ball 2-0: Foul Ball, location: 2F 2-1: Called Strike 2-2: SINGLE (Line Drive, 8LS)
|
Batting: LHB Mike Mitchell
|
0-0: Called Strike 0-1: Foul Ball, location: 2F 0-2: DOUBLE (Flyball, 8RXD) Joe Scott to third
|
Batting: LHB Parker Marshall
|
0-0: SINGLE (Line Drive, 9LS) Joe Scott scores Mike Mitchell to third
|
Batting: RHB Xin Zhang
|
0-0: Called Strike 0-1: Ball 1-1: Swinging Strike 1-2: Strikes out looking
|
Batting: LHB Fernando De La Cruz
|
0-0: Called Strike 0-1: Ball 1-1: Ball 2-1: Ground out 4-3 (Groundball, 4)
|
Top of the 4th over - 1 run(s), 3 hit(s), 0 error(s), 2 left on base; Las Vegas 3 - Houston 6 |
BOTTOM OF THE 4TH |
Houston Hammertime batting - Pitching for Las Vegas Stars : LHP Ze-min Tong
|
Batting: RHB Moo-hyun Pak
|
0-0: Ball 1-0: Ball 2-0: Ball 3-0: Base on Balls
|
Batting: LHB Fernando Camacho
|
0-0: Swinging Strike 0-1: Swinging Strike 0-2: Ball 1-2: Ball 2-2: Ball 3-2: Foul Ball, location: 2F 3-2: Foul Ball, location: 2F 3-2: Strikes out swinging
|
Batting: RHB Aaron Wilson
|
0-0: Ball 1-0: Called Strike 1-1: Ball 2-1: Called Strike 2-2: Fly out, F8 (Flyball, 8RM)
|
Batting: RHB Santo Cruz
|
0-0: Called Strike 0-1: Called Strike 0-2: Fly out, F4 (Popup, 3DF)
|
Bottom of the 4th over - 0 run(s), 0 hit(s), 0 error(s), 1 left on base; Las Vegas 3 - Houston 6 |
TOP OF THE 5TH |
Las Vegas Stars batting - Pitching for Houston Hammertime : LHP Dan Snyder
|
Batting: RHB Ryan Campbell
|
0-0: Called Strike 0-1: Foul Ball, location: 2F 0-2: Foul Ball, location: 2F 0-2: Ball 1-2: Ball 2-2: Fly out, F3 (Popup, 13)
|
Batting: LHB Evan Slootweg
|
0-0: Ball 1-0: Swinging Strike 1-1: Foul Ball, location: 2F 1-2: Fly out, F7 (Flyball, 78S)
|
Batting: RHB Matthieu Vancini
|
0-0: Ball 1-0: Foul Ball, location: 2F 1-1: Ball 2-1: Fly out, F4 (Popup, 3)
|
Top of the 5th over - 0 run(s), 0 hit(s), 0 error(s), 0 left on base; Las Vegas 3 - Houston 6 |
BOTTOM OF THE 5TH |
Houston Hammertime batting - Pitching for Las Vegas Stars : LHP Ze-min Tong
|
Batting: SHB Cristo Ontiveros
|
0-0: Ball 1-0: Ball 2-0: Called Strike 2-1: Ball 3-1: Called Strike 3-2: Foul Ball, location: 2F 3-2: Foul Ball, location: 2F 3-2: DOUBLE (Flyball, 7LM)
|
Batting: RHB Earl Wiggins
|
0-0: Ground out 4-3 (Groundball, 4) Cristo Ontiveros to third
|
Batting: LHB Pat Jones
|
0-0: Called Strike 0-1: Fly out, F7 (Line Drive, 7M) Runner from 3rd tags up, SCORES, throw made
|
Batting: RHB Mario Beltrán
|
0-0: Ball 1-0: Ground out 1-3 (Groundball, 15S)
|
Bottom of the 5th over - 1 run(s), 1 hit(s), 0 error(s), 0 left on base; Las Vegas 3 - Houston 7 |
TOP OF THE 6TH |
Las Vegas Stars batting - Pitching for Houston Hammertime : LHP Dan Snyder
|
Pitching: RHP António Mata
|
|
Batting: LHB Eliot Helen
|
0-0: Swinging Strike 0-1: Ball 1-1: Ball 2-1: Foul Ball, location: 2F 2-2: Ball 3-2: Strikes out swinging
|
Batting: RHB Joe Scott
|
0-0: Ball 1-0: Swinging Strike 1-1: Foul Ball, location: 2F 1-2: SINGLE (Line Drive, 8LS)
|
Batting: LHB Mike Mitchell
|
0-0: Swinging Strike 0-1: Ball 1-1: Ground out 3-1 (Groundball, 34) Joe Scott to second
|
Batting: LHB Parker Marshall
|
0-0: Ball 1-0: Foul Ball, location: 2F 1-1: Foul Ball, location: 2F 1-2: Ground out U3 (Groundball, 3S)
|
Top of the 6th over - 0 run(s), 1 hit(s), 0 error(s), 1 left on base; Las Vegas 3 - Houston 7 |
BOTTOM OF THE 6TH |
Houston Hammertime batting - Pitching for Las Vegas Stars : LHP Ze-min Tong
|
Pitching: RHP Sugimoto Kuhabara
|
|
Batting: LHB Bryce Hopkins
|
0-0: Ball 1-0: Ball 2-0: Called Strike 2-1: Fly out, F8 (Flyball, 8LD)
|
Batting: RHB Moo-hyun Pak
|
0-0: Called Strike 0-1: Ground out 4-3 (Groundball, 34S)
|
Batting: LHB Fernando Camacho
|
0-0: Called Strike 0-1: Ball 1-1: Called Strike 1-2: Ball 2-2: Ball 3-2: SINGLE (Flyball, 9LS)
|
Batting: RHB Aaron Wilson
|
0-0: Foul Ball, location: 2F 0-1: Ball 1-1: Swinging Strike 1-2: Foul Ball, location: 2F 1-2: Ball 2-2: SINGLE (Flyball, 9S) Fernando Camacho to second
|
Batting: RHB Santo Cruz
|
0-0: Ball 1-0: Ball 2-0: Ground out 6-3 (Groundball, 6)
|
Bottom of the 6th over - 0 run(s), 2 hit(s), 0 error(s), 2 left on base; Las Vegas 3 - Houston 7 |
TOP OF THE 7TH |
Las Vegas Stars batting - Pitching for Houston Hammertime : RHP António Mata
|
Batting: RHB Xin Zhang
|
0-0: Called Strike 0-1: Called Strike 0-2: Ball 1-2: Foul Ball, location: 2F 1-2: Strikes out swinging
|
Batting: LHB Fernando De La Cruz
|
0-0: Ball 1-0: Fly out, F7 (Flyball, 7M)
|
Batting: RHB Ryan Campbell
|
0-0: Called Strike 0-1: Hit by Pitch
|
Batting: LHB Evan Slootweg
|
0-0: Called Strike 0-1: Foul Ball, location: 2F 0-2: Ball 1-2: Foul Ball, location: 2F 1-2: Foul Ball, location: 2F 1-2: Ball 2-2: Ball 3-2: Fly out, F3 (Popup, 3F)
|
Top of the 7th over - 0 run(s), 0 hit(s), 0 error(s), 1 left on base; Las Vegas 3 - Houston 7 |
BOTTOM OF THE 7TH |
Houston Hammertime batting - Pitching for Las Vegas Stars : RHP Sugimoto Kuhabara
|
Batting: SHB Cristo Ontiveros
|
0-0: Foul Ball, location: 2F 0-1: Called Strike 0-2: Ball 1-2: Ball 2-2: Ball 3-2: SINGLE (Groundball, 34D)
|
Batting: RHB Earl Wiggins
|
0-0: Foul Ball, location: 2F 0-1: Called Strike 0-2: Ball 1-2: Ball 2-2: SINGLE (Groundball, 34D) Cristo Ontiveros to second Runner from 2nd tries for 3rd, SAFE, throw made to third
|
Batting: LHB Pat Jones
|
0-0: Fly out, F4 (Popup, 89S)
|
Batting: RHB Mario Beltrán
|
0-0: Ball 1-0: SINGLE (Groundball, 4D) Cristo Ontiveros scores Earl Wiggins to second
|
Batting: LHB Bryce Hopkins
|
0-0: Ball 1-0: Ground out 5-3 (Groundball, 5S) Earl Wiggins to third Mario Beltrán to second
|
Batting: RHB Moo-hyun Pak
|
0-0: Ball 1-0: Ball 2-0: Foul Ball, location: 2F Balk! Earl Wiggins scores Mario Beltrán to third 2-1: Ground out 1-3 (Groundball, 15)
|
Bottom of the 7th over - 2 run(s), 3 hit(s), 0 error(s), 1 left on base; Las Vegas 3 - Houston 9 |
TOP OF THE 8TH |
Las Vegas Stars batting - Pitching for Houston Hammertime : RHP António Mata
|
Pitching: LHP Howard Bailey
|
|
Now in CF: Pedro Meza
|
|
Batting: RHB Matthieu Vancini
|
0-0: Ball 1-0: Bunt for hit - play at first, batter OUT! 1-3
|
Batting: LHB Eliot Helen
|
0-0: Ball 1-0: Fly out, F4 (Popup, 4MD)
|
Batting: RHB Joe Scott
|
0-0: Foul Ball, location: 2F 0-1: Foul Ball, location: 2F 0-2: Ball 1-2: Ball 2-2: SINGLE (Flyball, 8RS)
|
Batting: LHB Mike Mitchell
|
0-0: Ball 1-0: Ball 2-0: Ground out U3 (Groundball, 3)
|
Top of the 8th over - 0 run(s), 1 hit(s), 0 error(s), 1 left on base; Las Vegas 3 - Houston 9 |
BOTTOM OF THE 8TH |
Houston Hammertime batting - Pitching for Las Vegas Stars : RHP Sugimoto Kuhabara
|
Pitching: RHP Fred Ellis
|
|
Batting: LHB Fernando Camacho
|
0-0: Fly out, F4 (Popup, 4M)
|
Batting: RHB Aaron Wilson
|
0-0: SINGLE (Line Drive, 56)
|
Batting: RHB Santo Cruz
|
0-0: Ball 1-0: Called Strike 1-1: Fly out, F7 (Flyball, 7LD)
|
Batting: SHB Cristo Ontiveros
|
0-0: Called Strike Aaron Wilson is caught stealing 2nd base
|
Bottom of the 8th over - 0 run(s), 1 hit(s), 0 error(s), 0 left on base; Las Vegas 3 - Houston 9 |
TOP OF THE 9TH |
Las Vegas Stars batting - Pitching for Houston Hammertime : LHP Howard Bailey
|
Batting: LHB Parker Marshall
|
0-0: Ball 1-0: Foul Ball, location: 2F 1-1: Foul Ball, location: 2F 1-2: Ball 2-2: Ball 3-2: Strikes out swinging
|
Batting: RHB Xin Zhang
|
0-0: Called Strike 0-1: Ground out 5-3 (Groundball, 5)
|
Batting: LHB Fernando De La Cruz
|
0-0: Called Strike 0-1: Foul Ball, location: 2F 0-2: Foul Ball, location: 2F 0-2: Strikes out looking
|
Top of the 9th over - 0 run(s), 0 hit(s), 0 error(s), 0 left on base; Las Vegas 3 - Houston 9 |
|